 Dungeon Crawl Stone Soup version 0.29-a0-398-ge13fd1374b (webtiles) character file.

Game seed: 6243693761010032249

589 runemasterragnar the Slasher (level 7, -5/45 (48) HPs)
             Began as an Octopode Fighter on May 13, 2022.
             Slain by a wight
             ... wielding a +0 dagger
              (10 damage)
             ... on level 5 of the Dungeon.
             The game lasted 00:04:53 (4424 turns).

runemasterragnar the Slasher (Octopode Fighter)     Turns: 4424, Time: 00:04:53

HP:   -5/45 (48)    AC:  1    Str: 15    XL:     7   Next: 38%
MP:   7/7           EV: 13    Int: 13    God:
Gold: 145           SH:  5    Dex: 11    Spells: 6/6 levels left

rFire   . . .      SeeInvis .   a - +0 long sword (elec)
rCold   . . .      Faith    .   b - +1 buckler
rNeg    . . .      Spirit   .   (helmet restricted)
rPois   .          Reflect  .   (no amulet)
rElec   .          Harm     .   m - ring of wizardry
rCorr   .          Rampage  .   u - ring of willpower
Will    +....                   (no ring)
Stlth   +++.......              (no ring)
HPRegen 0.15/turn               (no ring)
MPRegen 0.10/turn               (no ring)
                                (no ring)
                                (no ring)

@: drained
A: almost no armour, amphibious, 8 rings, camouflage 1, gelatinous body 1,
(nimble swimmer 1), tentacles
a: no special abilities


You were on level 5 of the Dungeon.
You visited 2 branches of the dungeon, and saw 6 of its levels.

You collected 180 gold pieces.
You spent 35 gold pieces at shops.

Inventory:

Hand Weapons
 a - a +0 long sword of electrocution (weapon)
 s - a +0 hand crossbow
Missiles
 e - a throwing net (quivered)
 r - 2 poisoned darts
Armour
 b - a +1 buckler (worn)
Jewellery
 m - a ring of wizardry (left tentacle)
 q - a ring of wizardry
 u - a ring of willpower (right tentacle)
Wands
 k - a wand of acid (10)
Scrolls
 n - a scroll of brand weapon
 t - a scroll of enchant armour
 v - a scroll of silence {unknown}
Potions
 c - 3 potions of might
 d - a potion of magic
 f - a potion of attraction
 g - 3 potions of mutation {unknown}
 h - 3 potions of ambrosia
 i - a potion of curing {unknown}
 j - a potion of lignification {unknown}
 l - 3 potions of degeneration
 o - a potion of haste
 p - a potion of heal wounds


   Skills:
 + Level 4.1 Fighting
 * Level 4.6 Long Blades
 + Level 4.1 Dodging
 + Level 3.8 Stealth
 + Level 4.1 Shields
 + Level 2.5 Unarmed Combat


You had 6 spell levels left.
You didn't know any spells.
Your spell library was empty.

Dungeon Overview and Level Annotations

Branches:
Dungeon (5/15)             Temple (1/1) D:5

Altars:
Ashenzari
Cheibriados
Dithmenos
Elyvilon
Hepliaklqana
Makhleb
Nemelex Xobeh
Okawaru
Qazlal
Ru
Sif Muna
Trog
Vehumet
Wu Jian
Yredelemnul
Zin
The Shining One

Shops:
D:4 (


Innate Abilities, Weirdness & Mutations

You cannot wear most types of armour.
You are amphibious.
You can wear up to eight rings at the same time.
Your skin changes colour to match your surroundings (Stealth+).
Your rubbery body absorbs attacks. (AC +1, EV +1)
((You are camouflaged when in or above water. (Stealth+)))
You have tentacles for arms and can constrict up to eight enemies at once.


Message History

No target in view!
No target in view!
A wight comes into view. It is wielding a +5 hand axe.
A wight comes into view. It is wielding a +0 dagger.
You see here an orange potion.
There are monsters nearby!
There are monsters nearby!
The wight hits you with a +5 hand axe!
There are monsters nearby!
You hit the wight. Your grab misses the wight.
The wight is moderately damaged.
The wight hits you with a +5 hand axe.
There are monsters nearby!
You completely miss the wight. Your grab misses the wight.
The wight is moderately damaged.
The wight closely misses you.
You closely miss the wight. You grab the wight. Your squeeze misses the wight.
The wight is moderately damaged.
You constrict the wight, but do no damage.
The wight barely misses you.
You hit the wight but do no damage.
You squeeze the wight, but do no damage.
The wight is moderately damaged.
You constrict the wight. The wight closely misses you.
You hit the wight.
You squeeze the wight, but do no damage.
The wight is heavily damaged.
You constrict the wight. The wight closely misses you.
The wight hits you with a +0 dagger.
You feel drained. The wight hits you with a +0 dagger!
* * * LOW HITPOINT WARNING * * *
You feel drained.
* * * LOW HITPOINT WARNING * * *
The wight closely misses you.
You release your grip on the wight.
The wight attacks as you move away! The wight hits you with a +0 dagger.
* * * LOW HITPOINT WARNING * * *
The wight attacks as you move away! The wight closely misses you.
The wight attacks as you move away! The wight hits you with a +0 dagger!
You die...

## .. ############# .#
.............. .#
..............#####.####
........# #............#
......... #............#
........# #.....zz.....#
.....# #.....@.!....#
#.#### #............#
#....# # #............#
#.##.#.##.#............#
####.#...................
#.# ##.)...........####
#.########.#########
#..........# ############


You could see 2 wights.

Vanquished Creatures
  Sigmund (D:2)
  A black bear (D:3)
  A centaur (D:4)
  A jelly (D:5)
  A hound (D:5)
  Crazy Yiuf (D:3)
  4 gnolls (D:4)
  5 adders
  An ufetubus (D:4)
  2 dart slugs (D:4)
  An orc (D:4)
  8 ball pythons
  7 bats
  7 endoplasms
  5 giant cockroaches
  4 goblins
  7 hobgoblins
  3 jackals (D:3)
  5 quokkas
  2 frilled lizards
  10 kobolds
  6 rats
83 creatures vanquished.

Notes
Turn   | Place    | Note
-------+----------+-------------------------------------------
     0 | D:1      | runemasterragnar the Octopode Fighter began the quest for
                  | the Orb.
     0 | D:1      | Reached XP level 1. HP: 16/16 MP: 1/1
   295 | D:1      | Reached XP level 2. HP: 20/21 MP: 2/2
   344 | D:1      | Reached skill level 1 in Stealth
   481 | D:1      | Found a faded altar of an unknown god.
   764 | D:1      | Reached XP level 3. HP: 23/26 MP: 3/3
  1615 | D:2      | Found a broken altar of Ashenzari.
  1657 | D:2      | Noticed Sigmund
  1662 | D:2      | Killed Sigmund
  1663 | D:2      | Reached skill level 1 in Unarmed Combat
  1663 | D:2      | Reached XP level 4. HP: 31/31 MP: 4/4
  1663 | D:2      | Reached XP level 5. HP: 36/36 MP: 5/5
  1997 | D:3      | Found a stormy altar of Qazlal.
  2157 | D:3      | Found a shadowy altar of Dithmenos.
  2209 | D:3      | Reached XP level 6. HP: 40/42 MP: 6/6
  2236 | D:3      | Noticed a black bear
  2248 | D:3      | Killed a black bear
  2493 | D:3      | Found a runed translucent door.
  2494 | D:3      | Noticed Crazy Yiuf
  2794 | D:3      | Killed Crazy Yiuf
  2906 | D:4      | Found Qefocuekk's Weapon Shop.
  2914 | D:4      | Bought a +0 hand crossbow for 35 gold pieces
  3451 | D:4      | Reached XP level 7. HP: 24/48 MP: 7/7
  3750 | D:4      | HP: 1/48 [gnoll/+0 whip (6)]
  4169 | D:5      | Entered Level 5 of the Dungeon
  4171 | D:5      | Found a staircase to the Ecumenical Temple.
  4180 | Temple   | Entered the Ecumenical Temple
  4424 | D:5      | Slain by a wight

Illustrated notes

Levels and vault maps discovered:
D:1:      dpeg_arrival_three_bigger_balls, layout_loops_corners,
          ebering_ecumenical_altar_webs, dk_noncrumbling_4,
          hangedman_abyss_or_decor_stabs, amcnicky_mini_corridor_feature
D:2:      layout_loops_ring, basic_altar, uniq_sigmund
D:3:      layout_loops_ring, mainiacjoe_overflow_alcove_2,
          nicolae_dithmenos_through_a_glass_darkly, uniq_crazy_yiuf_cottage
D:4:      layout_rooms, serial_shops, nicolae_shop_bloodbath_and_beyond
D:5:      layout_basic, mainiacjoe_overflow_surrounded_room,
          nicolae_uskayaw_suspiria, minmay_temple_entry_slanted
Temple:   eino_wide_crystal_templ

Skill      XL: |  1  2  3  4  5  6 |
---------------+-------------------+-----
Stealth        | 1 2 3 |  3.8
Long Blades    | 3 4 |  4.6
Unarmed Combat | 1 2 |  2.5
Fighting       | 4 |  4.1
Dodging        | 4 |  4.1
Shields        | 4 |  4.1

Action                   |  1- 3 |  4- 6 |  7- 9 || total
-------------------------+-------+-------+-------++-------
Melee: Long sword        |    64 |    54 |    28 ||   146
       Constrict         |    18 |    19 |     6 ||    43
       Tentacles         |    12 |    16 |     7 ||    35
       Punch             |       |     1 |     1 ||     2
  Use: Scroll            |       |     6 |     2 ||     8
       Potion            |       |     2 |     1 ||     3
 Stab: Sleeping          |    14 |     9 |     2 ||    25
Armor: Skin              |     4 |     4 |       ||     8
Dodge: Dodged            |    30 |    38 |    14 ||    82
Block: Buckler           |    13 |    14 |    12 ||    39

Table legend: (Time is in decaauts)
 A = Elapsed time spent in this place.
 B = Non-inter-level travel time spent in this place.
 C = Inter-level travel time spent in this place.
 D = Time resting spent in this place.
 E = Time spent auto-exploring this place.
 F = Levels seen in this place.
 G = Mean time per level.
                   A        B        C        D        E       F      G
               +--------+--------+--------+--------+--------+-----+--------+
         Total |   4475 |   4285 |    190 |    604 |   3013 |   6 |  745.8 |
       Dungeon |   4402 |   4212 |    190 |    604 |   2967 |   5 |  880.4 |
        Temple |     73 |     73 |      0 |      0 |     46 |   1 |   73.0 |
               +--------+--------+--------+--------+--------+-----+--------+

Top non-repeatable levels by time:
     D:3: 1429 daAuts
     D:1: 1211 daAuts
     D:4: 818 daAuts
     D:2: 759 daAuts
     D:5: 183 daAuts
  Temple: 73 daAuts
